 Dungeon Crawl Stone Soup version 0.29.0-5-ge4962eb29e (webtiles) character file.

Game seed: 14674325881012450111

4 freelancePsychic the Magician (level 1, 0/15 HPs)
             Began as a Meteoran Hedge Wizard on Aug 30, 2022.
             Slain by a jackal (1 damage)
             ... on level 1 of the Dungeon.
             The game lasted 00:00:27 (53 turns).

freelancePsychic the Magician (Meteoran Hedge Wizard) Turns: 53, Time: 00:00:28

Health: 0/15       AC:  2    Str: 11    XL:     1   Next: 85%
Magic:  1/6        EV: 12    Int: 15    God:
Gold:   9          SH:  0    Dex: 13    Spells: 7/8 levels left

rFire   . . .      SeeInvis .   a - +0 dagger
rCold   . . .      Faith    .   (no shield)
rNeg    . . .      Spirit   .   b - +0 robe
rPois   .          Reflect  .   c - +0 hat
rElec   .          Harm     .   (no cloak)
rCorr   .          Rampage  .   (no gloves)
Will    .....                   (no boots)
Stlth   +.........              (no amulet)
HPRegen 0.05/turn               (no ring)
MPRegen 0.10/turn               (no ring)

@: glowing
A: sense surroundings 1, otherworldly, glowing, explore regen
a: no special abilities


You were on level 1 of the Dungeon.
You visited 1 branch of the dungeon, and saw 1 of its levels.

You collected 9 gold pieces.

Inventory:

Hand Weapons
 a - a +0 dagger (weapon)
Armour
 b - a +0 robe (worn)
 c - a +0 hat (worn)


   Skills:
 + Level 0.7 Fighting
 - Level 2.4 Dodging
 - Level 1.4 Stealth
 - Level 4.0 Spellcasting
 + Level 1.6 Conjurations
 - Level 1.2 Summonings
 - Level 1.2 Translocations


You had 7 spell levels left.
You knew the following spells:

 Your Spells              Type           Power      Damage    Failure   Level
a - Magic Dart            Conj           28%        1d4       10%         1

Your spell library contained the following spells:

 Spells                   Type           Power      Damage    Failure   Level
 Blink                    Tloc           12%        N/A       17%         2
 Call Imp                 Summ           6%         N/A       17%         2
 Slow                     Hex            12%        N/A       19%         1
 Conjure Flame            Conj/Fire      5%         6-21      36%         3
 Mephitic Cloud           Conj/Pois/Air  4%         N/A       41%         3


Dungeon Overview and Level Annotations

Branches:
Dungeon (1/15) Zot: 546

Altars:


Innate Abilities, Weirdness & Mutations

You passively map a small area around you.
You are easily found by Zot.
You glow in the dark.
You regain HP and MP as you explore.


Message History

The jackal is heavily wounded.
The jackal closely misses you.
Casting: Magic Dart (safe; 10% risk of failure)
Confirm with . or Enter, or press ? or * to list all spells.
Aiming: Magic Dart (safe; 10% risk of failure)
Press: ? - help, Shift-Dir - straight line, f/p - jackal
Aim: a jackal (moderately wounded, 100% to hit)
The magic dart hits the jackal.
The jackal is almost dead.
The jackal misses you.
The jackal bites you but does no damage.
Casting: Magic Dart (safe; 10% risk of failure)
Confirm with . or Enter, or press ? or * to list all spells.
You don't have enough magic to cast this spell.
Unknown command.
You hit the jackal but do no damage.
The jackal is almost dead.
The jackal bites you.
* * * LOW HITPOINT WARNING * * *
You hit the jackal but do no damage.
The jackal is almost dead.
The jackal misses you.
You barely miss the jackal.
The jackal is almost dead.
The jackal bites you but does no damage.
The jackal closely misses you.
You barely miss the jackal.
The jackal is almost dead.
The jackal barely misses you.
You closely miss the jackal.
The jackal is almost dead.
The jackal bites you.
* * * LOW HITPOINT WARNING * * *
The jackal closely misses you.
You hit the jackal.
You kill the jackal!
The jackal bites you but does no damage.
You hit the jackal but do no damage. The jackal misses you.
You hit the jackal but do no damage. The jackal bites you.
You die...

♣..###'###..♣ ,..
,,,
♣..#.....#..###
..# , ♣..
#...<.+...~#....
, .♣
#.....#..#.......
*,,
#.....#...~#.#.##
, * #.P...#..#♣#
# #######..♣ *,
*,, ........♣ #
.......@###.#.##
♣.#.#♣##h.......
, ##.♣ #~S##.#.##
#♣ *##........ ,
,, ........h *
##....#.#. , *
#........ *
####.#..,, , ,*
,* .#.#.


You could see a jackal and a ball python.

Vanquished Creatures
  3 jackals (D:1)
3 creatures vanquished.

Notes
Turn   | Place    | Note
-------+----------+-------------------------------------------
     0 | D:1      | freelancePsychic the Meteoran Hedge Wizard began the quest
                  | for the Orb.
     0 | D:1      | Reached XP level 1. HP: 14/14 MP: 6/6
    53 | D:1      | Slain by a jackal

Illustrated notes

Levels and vault maps discovered:
D:1:      saegor_arrival_under_anarchy, layout_basic, roderic_lattice_a,
          minmay_vboxes

Action                   || total
-------------------------++-------
Melee: Dagger            ||    15
 Cast: Magic Dart        ||    11
  Use: Potion            ||     1
Armor: Robe              ||     8
Dodge: Dodged            ||    14
